 Dungeon Crawl Stone Soup version 0.31.0-9-g3a7656b989 (webtiles) character file.

Game seed: 18225294960082827079

504 PaiMei the Grave Robber (level 6, -8/47 HPs)
             Began as a Demonspawn Necromancer on Jan 24, 2024.
             Mangled by an iguana (13 damage)
             ... on level 5 of the Dungeon.
             The game lasted 00:06:13 (4325 turns).

PaiMei the Grave Robber (Demonspawn Necromancer)    Turns: 4325, Time: 00:06:13

Health: -8/47      AC:  3    Str:  9    XL:     6   Next: 96%
Magic:  6/11       EV: 14    Int: 19    God:
Gold:   157        SH:  0    Dex: 19    Spells: 4/12 levels left

rFire   . . .        t - +1 dagger (venom)
rCold   . . .        (no shield)
rNeg    . . .        a - +0 robe
rPois   .            (no helmet)
rElec   .            (no cloak)
rCorr   .            u - +0 pair of gloves
SInv    +            (no boots)
Will    .....        (no amulet)
Stlth   ++           f - +6 ring of dexterity
HPRegen 0.27/turn    n - ring of see invisible
MPRegen 0.12/turn

%: no passive effects
@: no status effects
A: hooves 1, foul stench 1, big brain 1
a: no special abilities


You were on level 5 of the Dungeon.
You visited 1 branch of the dungeon, and saw 5 of its levels.

You collected 157 gold pieces.

Inventory:

Hand Weapons
 c - a +0 dagger
 g - a +0 spear
 j - a +1 dagger of speed
 t - a +1 dagger of venom (weapon)
Armour
 a - a +0 robe (worn)
 u - a +0 pair of gloves (worn)
 x - the +3 ring mail of Farfalle {Int+3}
   (You found it on level 5 of the Dungeon)

   Int+3:     It affects your intelligence (+3).
Jewellery
 f - a +6 ring of dexterity (left hand)
 n - a ring of see invisible (right hand)
Talismans
 p - a blade talisman
Wands
 m - a wand of flame (10)
 q - a wand of digging (2)
 y - a wand of roots (8)
Scrolls
 e - 3 scrolls of vulnerability {unknown}
 i - a scroll of blinking {unknown}
 k - a scroll of revelation {unknown}
 r - 2 scrolls of identify {unknown}
 v - a scroll of amnesia {unknown}
 w - a scroll of teleportation {unknown}
Potions
 b - a potion of magic
 d - a potion of brilliance {unknown}
 h - a potion of resistance {unknown}
 l - 4 potions of curing {unknown}
 o - a potion of heal wounds {unknown}
 s - 2 potions of might {unknown}


   Skills:
 + Level 3.2 Fighting
 + Level 3.7 Dodging
 - Level 2.0 Stealth
 + Level 3.8 Spellcasting
 + Level 5.9 Necromancy


You had 4 spell levels left.
You knew the following spells:

 Your Spells              Type           Power      Damage    Failure   Level
a - Necrotise             Necr           100%       1d9       1%          1
b - Vampiric Draining     Necr           26%        2d7       3%          3
c - Animate Dead          Necr           26%        N/A       12%         4

Your spell library contained the following spells:

 Spells                   Type           Power      Damage    Failure   Level
 Summon Small Mammal      Summ           12%        N/A       14%         1
 Call Canine Familiar     Summ           3%         N/A       38%         3
 Summon Blazeheart Golem  Fire/Summ      3%         N/A       80%         4
 Curse of Agony           Necr           26%        N/A       34%         5


Dungeon Overview and Level Annotations

Branches:
Dungeon (5/15)
 Temple: D:4-7

Altars:
Dithmenos
Ru
Xom


Innate Abilities, Weirdness & Mutations

You have large cloven feet.
You may rarely emit foul miasma when damaged in melee.
You have an unusually large brain. (Int +2)


Message History

The iguana bites your adder skeleton.
The scorpion stings your adder skeleton.
Your adder skeleton is destroyed!
The iguana bites you!
Casting: Necrotise (safe; 1% risk of failure)
Confirm with . or Enter, or press ? or * to list all spells.
Aiming: Necrotise (safe; 1% risk of failure)
Press: ? - help, Shift-Dir - straight line, f/p - iguana
Aim: an iguana (moderately wounded, chance to affect: 88%)
The iguana writhes in agony.
The iguana completely misses you.
Casting: Necrotise (safe; 1% risk of failure)
Confirm with . or Enter, or press ? or * to list all spells.
Aiming: Necrotise (safe; 1% risk of failure)
Press: ? - help, Shift-Dir - straight line, f/p - iguana
Aim: an iguana (moderately wounded, chance to affect: 88%)
The iguana writhes in agony.
The iguana bites you. The iguana bites you!
Casting: Necrotise (safe; 1% risk of failure)
Confirm with . or Enter, or press ? or * to list all spells.
Aiming: Necrotise (safe; 1% risk of failure)
Press: ? - help, Shift-Dir - straight line, f/p - iguana
Aim: an iguana (heavily wounded, chance to affect: 88%)
The iguana writhes in agony.
The iguana completely misses you. The iguana bites you!
* * * LOW HITPOINT WARNING * * *
You hit the iguana.
The iguana is poisoned.
The iguana is heavily wounded.
The iguana barely misses you. The iguana closely misses you.
Casting: Necrotise (safe; 1% risk of failure)
Confirm with . or Enter, or press ? or * to list all spells.
Aiming: Necrotise (safe; 1% risk of failure)
Press: ? - help, Shift-Dir - straight line, f/p - iguana
Aim: an iguana (almost dead, chance to affect: 88%)
The iguana writhes in agony!
You kill the iguana!
The dead are walking!
The iguana bites you.
* * * LOW HITPOINT WARNING * * *
You hit the iguana but do no damage.
The iguana looks as sick as possible!
The iguana is heavily wounded.
The iguana bites you!
You die...

## #. ..#.. .. ...# .
...# . ####### #..#.#
.. ###.#..
#†.#.#...###.⌠~.~.
#.......##.~~^....
#lsZ.#####...###^~
#@#### #~#.#.#.##
#.### #§#.⌠.#(##
####...## #⌠.~≈####⌠
#.....).#######)~~.#.
#<.......##.##.~§≈⌠~.
#..>......#..##..#.)#
#.........#...######)
#.........#.....###).
#........######†.....


You could see a scorpion, an iguana (extremely poisoned, ally target) and a
friendly iguana skeleton.

Vanquished Creatures
  2 black bears
  A hound (D:5)
  An iguana (D:5)
  Natasha (thrice) (D:4)
  3 gnolls
  3 adders
  A dart slug (D:3)
  2 ribbon worms
  10 orcs
  4 bats
  5 endoplasms
  3 giant cockroaches
  5 hobgoblins
  3 jackals (D:4)
  8 kobolds
  5 quokkas
  5 ball pythons
  4 frilled lizards
  6 goblins
  7 rats
81 creatures vanquished.

Vanquished Creatures (collateral kills)
  An iguana (D:4)
  An adder (D:3)
  A gnoll (D:4)
  A frilled lizard (D:2)
  A rat (D:1)
5 creatures vanquished.

Grand Total: 86 creatures vanquished

Notes
Turn   | Place    | Note
-------+----------+-------------------------------------------
     0 | D:1      | PaiMei the Demonspawn Necromancer began the quest for the
                  | Orb.
     0 | D:1      | Reached XP level 1. HP: 13/13 MP: 3/3
   249 | D:1      | Gained mutation: You have large cloven feet. [demonic
                  | ancestry]
   249 | D:1      | Reached XP level 2. HP: 19/19 MP: 1/5
  1060 | D:2      | Gained mutation: You have an unusually large brain. (Int
                  | +2) [demonic ancestry]
  1060 | D:2      | Reached XP level 3. HP: 25/25 MP: 1/6
  1064 | D:2      | Learned a level 3 spell: Vampiric Draining
  1186 | D:2      | Reached skill level 1 in Fighting
  1815 | D:3      | Gained mutation: You may rarely emit foul miasma when
                  | damaged in melee. [demonic ancestry]
  1815 | D:3      | Reached XP level 4. HP: 32/32 MP: 3/8
  1869 | D:3      | Learned a level 4 spell: Animate Dead
  2099 | D:3      | Found a shadowy altar of Dithmenos.
  2317 | D:3      | Reached skill level 5 in Necromancy
  2403 | D:3      | Found a sacrificial altar of Ru.
  2660 | D:4      | Noticed a black bear
  2669 | D:4      | Killed a black bear
  2670 | D:4      | Reached XP level 5. HP: 34/38 MP: 0/9
  3202 | D:4      | Noticed a phantom
  3314 | D:4      | Noticed Natasha
  3323 | D:4      | Killed Natasha
  3331 | D:4      | Reached XP level 6. HP: 19/46 MP: 3/11
  3627 | D:4      | Noticed Natasha
  3635 | D:4      | Killed Natasha
  3791 | D:4      | Noticed Natasha
  3796 | D:4      | Killed Natasha
  3888 | D:5      | Entered Level 5 of the Dungeon
  4125 | D:5      | Found a shimmering altar of Xom.
  4148 | D:5      | Identified the +3 ring mail of Farfalle {Int+3}
  4325 | D:5      | Mangled by an iguana

Illustrated notes

Levels and vault maps discovered:
D:1:      psy_arrival_conway, layout_basic
D:2:      layout_rooms
D:3:      layout_rooms, nicolae_ru_sacrificial_ziggurat,
          nicolae_dithmenos_shadow_blocks
D:4:      layout_basic, roderic_roman_lattice, uniq_natasha
D:5:      layout_loops_cross, tgw_xom, temple_green, gammafunk_ghost_mausoleum,
          minmay_between

Skill      XL: |  1  2  3  4  5  6 |
---------------+-------------------+-----
Stealth        | 2 |  2.0
Dodging        | 2 3 |  3.7
Fighting       | 1 2 3 |  3.2
Necromancy     | 5 |  5.9
Spellcasting   | 3 |  3.8

Action                     |  1- 3 |  4- 6 || total
---------------------------+-------+-------++-------
  Melee: Unarmed           |    24 |       ||    24
         Spear             |     3 |       ||     3
         Dagger            |     2 |    27 ||    29
         Kick              |     1 |     9 ||    10
         Punch             |       |     1 ||     1
   Cast: Necrotise         |    74 |   101 ||   175
         Vampiric Draining |       |     1 ||     1
 Armour: Robe              |    56 |    47 ||   103
  Dodge: Dodged            |    67 |    45 ||   112
